AoeStats
← DgoUSA

Pilgrims

510021315Analyzed
4v4 RM · 2d ago on Sep 29, 2026· 41m 49s· 8 players
Game mode
Random Map
Map size
Large (8 player)
Population
200
Speed
Normal
Resources
Standard
Victory
Conquest
Starting age
Dark Age
Ending age
Imperial Age
RankedLock teamsTeams togetherTeam positionsShared explorationLock speedFull tech treeHidden civsTurbo modeCheats
Victory
Defeat
🇨🇱 Italians · Chile
1241
+8
🇲🇽 Japanese · Mexico
1101
+13
🇲🇽 Teutons · Mexico
996
+17
🇨🇴 Magyars · Colombia
916
+20
🇺🇸 Vietnamese · United States
1044
-15
🇧🇷 Hindustanis · Brazil
1043
-15
🇨🇳 Huns · China
1027
-14
🇬🇧 Danes · United Kingdom
1022
-14
osubuckeyes022
3:22 Loom
17:48 Feudal Age
18:45 Double-Bit Axe
22:20 Castle Age
25:02 Crossbowman
34:12 Thumb Ring
41:04 Imperial Age
39:11 Padded Archer Armor
40:17 Elite Skirmisher
岚天神风
11:05 Feudal Age
13:46 Loom
14:02 Fishing Lines
16:07 Double-Bit Axe
20:46 Castle Age
18:29 Horse Collar
18:44 Stone Mining
19:31 Scale Barding Armor
19:38 Forging
22:06 Bow Saw
23:02 Chain Barding Armor
Her
4:02 Loom
13:18 Feudal Age
14:22 Double-Bit Axe
20:33 Fletching
22:30 Wheelbarrow
26:09 Castle Age
26:53 Bodkin Arrow
29:06 Bow Saw
30:47 Horse Collar
34:40 Heavy Plow
Big Albatroz
8:10 Loom
14:34 Feudal Age
19:04 Castle Age
18:25 Bloodlines
19:28 Double-Bit Axe
19:26 Light Cavalry
20:21 Scale Barding Armor
28:00 Horse Collar
38:02 Chain Barding Armor
39:09 Forging
BeuN AZRAEL
15:32 Feudal Age
16:18 Loom
16:59 Double-Bit Axe
21:23 Forging
23:47 Castle Age
23:21 Fishing Lines
28:48 Scale Mail Armor
34:00 Chain Mail Armor
39:53 Town Watch
40:45 Wheelbarrow
40:50 Iron Casting
41:03 Gold Mining
42:01 Hand Cart
41:48 Town Patrol
Black
4:12 Loom
11:22 Feudal Age
12:32 Double-Bit Axe
16:04 Forging
15:56 Fishing Lines
17:51 Wheelbarrow
21:01 Castle Age
21:12 Demolition Ship
22:05 Medium Warships
22:34 Gillnets
26:10 Bow Saw
25:52 Gold Mining
27:39 Iron Casting
28:19 Hand Cart
29:15 Stone Mining
32:35 Town Watch
33:35 Fletching
33:47 Padded Archer Armor
37:59 Imperial Age
35:48 Thumb Ring
36:08 Bodkin Arrow
36:29 Leather Archer Armor
37:08 Coinage
39:02 Conscription
38:56 Bracer
39:33 Heavy Warships
40:32 Chemistry
39:54 Ballistics
39:30 Horse Collar
39:47 Elite Genoese Crossbowman
42:09 Ring Archer Armor
eljeringas
4:01 Loom
12:17 Feudal Age
12:53 Fishing Lines
14:08 Double-Bit Axe
20:01 Castle Age
19:02 Stone Mining
20:34 Wheelbarrow
21:19 Town Watch
21:29 Gillnets
24:47 Fletching
27:00 Hand Cart
DgoUSA
10:28 Loom
14:46 Feudal Age
15:27 Double-Bit Axe
21:07 Castle Age
22:29 Wheelbarrow
22:05 Scale Barding Armor
22:00 Gold Mining
22:43 Bloodlines
27:38 Chain Barding Armor
30:53 Medium Warships
34:13 Thumb Ring
34:47 Fletching
34:58 Padded Archer Armor
38:17 Imperial Age
41:14 Bodkin Arrow
41:35 Leather Archer Armor
Connection lost

Rejoining the realm…

Still unreachable

The connection could not be restored.

Session expired

The server has moved on; the page needs a fresh start.